 Dungeon Crawl Stone Soup version 0.18.1-50-g88ac8fd (webtiles) character file.

9 Amnesiac the Skirmisher (level 2, -1/18 HPs)
             Began as a Deep Elf Fighter on Feb 28, 2018.
             Slain by Sigmund
             ... wielding a +2 scythe of protection
              (8 damage)
             ... on level 2 of the Dungeon.
             The game lasted 00:01:18 (597 turns).

Amnesiac the Skirmisher (Deep Elf Fighter)           Turns: 597, Time: 00:01:18

Health: -1/18      AC:  7    Str: 13    XL:     2   Next: 6%
Magic:  4/4        EV:  6    Int: 12    God:
Gold:   25         SH:  8    Dex: 14    Spells: 0 memorised, 1 level left

rFire  . . .     SeeInvis .     l - +3 morningstar (holy)
rCold  . . .     Gourm    .     b - +0 scale mail
rNeg   . . .     Faith    .     c - +0 shield
rPois  .         Spirit   .     g - +0 helmet
rElec  .         Dismiss  .     (no cloak)
rCorr  .         Reflect  .     (no gloves)
SustAt .         Harm     .     (no boots)
MR     .....                    (no amulet)
Stlth  ..........               (no ring)
                                (no ring)

@: not resistant to hostile enchantments, extremely unstealthy
A: no striking features
a: no special abilities


You were on level 2 of the Dungeon.
You were not hungry.

You visited 1 branch of the dungeon, and saw 4 of its levels.

You collected 25 gold pieces.

Inventory:

Hand Weapons
 a - a +0 rapier
 l - a +3 morningstar of holy wrath (weapon)
Missiles
 e - 3 curare-tipped needles
 h - 16 poisoned needles
Armour
 b - a +0 scale mail (worn)
 c - a +0 shield (worn)
 g - a +0 helmet (worn)
Scrolls
 i - a scroll of enchant weapon {!r, unknown}
 k - 3 scrolls of identify {!r, unknown}
 n - a scroll of enchant armour {!r, unknown}
Books
 j - a book of Unlife

   Spells                             Type                      Level
   a - Recall                         Summoning/Translocation      3
   b - Animate Dead                   Necromancy                   4
   c - Control Undead                 Necromancy                   4
   d - Cigotuvi's Embrace             Necromancy                   5
   e - Death Channel                  Necromancy                   6
   f - Simulacrum                     Ice/Necromancy               6
Comestibles
 f - a bread ration


   Skills:
 + Level 2.7 Fighting
 - Level 2.0 Short Blades
 + Level 2.7 Armour
 - Level 2.4 Shields


You had one spell level left.
You didn't know any spells.

Dungeon Overview and Level Annotations

Branches:
Dungeon (4/15)
 Temple: D:4-7

Altars:
Yredelemnul

Annotations:
D:2 Sigmund


Message History

A quokka and a worker ant come into view.
The worker ant twitches its antennae in your direction.
Found a slice of pizza and a scroll labeled HEUTYCEHA.
There is a stone staircase leading up here.
You puncture the quokka!
You kill the quokka!
You have reached level 2!
You climb upwards.
There is a stone staircase leading down here.
A bat comes into view.
A bat is nearby!
You block the bat's attack.
You closely miss the bat. You block the bat's attack. x2
The bat hits you but does no damage.
You puncture the bat!
You kill the bat!
No target in view!
Found a stone staircase leading up.
There is a stone staircase leading up here.
Found 14 bolts.
m - a viscous blue potion {!q}
n - a scroll labeled LUUHUTT BUDGHEA {!r}
o - a sapphire potion {!q} 2 orc priests come into view.
The orc priest shouts! x2
An orc comes into view. It is wielding a club.
There are monsters nearby!
There are monsters nearby!
The orc priest casts a cantrip, but nothing happens.
There is a stone staircase leading up here.
The orc priest mumbles some strange prayers to Beogh against you.
Beogh smites you!
Ouch! That really hurt!
* * * LOW HITPOINT WARNING * * *
You climb upwards.
There is a stone staircase leading down here.
You start resting.
HP restored.
You start resting.
HP restored.
Sigmund the Dreaded comes into view.
He is wielding a scythe of protection.
Sigmund shouts!
Sigmund laughs darkly.
You aren't carrying any items that you can evoke.
Unknown command.
Drink which item? (? for menu, Esc to quit)
Really quaff
d - a potion of might {!q}?
You feel very mighty all of a sudden.
Sigmund hits you from afar with a scythe of protection!
Ouch! That really hurt!
* * * LOW HITPOINT WARNING * * *
Drink which item? (? for menu, Esc to quit)
Really quaff
m - a viscous blue potion {!q}?
It was a potion of brilliance {!q}.
You feel clever all of a sudden. Sigmund closely misses you.
Drink which item? (? for menu, Esc to quit)
Really quaff
o - a sapphire potion {!q}?
It was a potion of cancellation {!q}.
Your magical effects are unravelling.
You feel magically purged.
You feel a little less mighty now.
You feel a little less clever now.
Sigmund hits you with a scythe of protection!
You die...

##....# #.####
##.###.# ###.##.##
#...##.####.......####
.....................+
..>.......#.#.#....###
##..#####.#.#....#.#
###.# #.#.###..#.#
#...# #.#.###..#.#
#.#.# #.#....?@#.#
#.#.#####.#......@.# #
#.......#####.####
....####### #.# #####
... ##.# #.# #.


You could see Sigmund.

Vanquished Creatures
  A goblin (D:3)
  2 hobgoblins
  A quokka (D:4)
  A ball python (D:1)
  A bat (D:3)
  A giant newt (D:3)
  A kobold (D:3)
  2 rats
10 creatures vanquished.

Notes
Turn   | Place    | Note
--------------------------------------------------------------
     0 | D:1      | Amnesiac the Deep Elf Fighter began the quest for the Orb.
     0 | D:1      | Reached XP level 1. HP: 13/13 MP: 3/3
   188 | D:2      | Found a basalt altar of Yredelemnul.
   321 | D:4      | Noticed a worker ant
   322 | D:4      | Reached XP level 2. HP: 18/18 MP: 4/4
   593 | D:2      | Noticed Sigmund
   597 | D:2      | Slain by Sigmund

Action                   || total
-------------------------++-------
Melee: Rapier            ||    17
       Morningstar       ||     3
  Use: Potion            ||     3
Armor: Scale mail        ||     6
Dodge: Dodged            ||     3
Block: Shield            ||    12
